AoeStats
← 雙子座ovu/6

Four Lakes

508181326Analyzed
1v1 RM · 11d ago on Sep 21, 2026· 36m 53s· 2 players
Game mode
Random Map
Map size
Tiny (2 player)
Population
200
Speed
Normal
Resources
Standard
Victory
Conquest
Starting age
Dark Age
Ending age
Imperial Age
RankedLock teamsTeams togetherTeam positionsShared explorationLock speedFull tech treeHidden civsTurbo modeCheats
Victory
Defeat
🇳🇱 Japanese · Netherlands
511
+15
🇹🇼 Vietnamese · Taiwan
493
-15
雙子座ovu/6
10:44 Feudal Age
12:16 Double-Bit Axe
13:35 Fletching
18:33 Horse Collar
24:54 Castle Age
25:13 Crossbowman
26:21 Bodkin Arrow
27:01 Bow Saw
26:40 Loom
28:19 Thumb Ring
34:08 Gold Mining
I don't care anymore
7:10 Loom
11:44 Feudal Age
12:25 Town Watch
13:16 Wheelbarrow
18:29 Stone Mining
22:18 Castle Age
21:42 Fletching
24:15 Double-Bit Axe
26:55 Masonry
27:00 Bow Saw
27:38 Hand Cart
29:46 Forging
29:34 Gold Mining
33:40 Ballistics
34:01 Gold Shaft Mining
33:50 Bodkin Arrow
Connection lost

Rejoining the realm…

Still unreachable

The connection could not be restored.

Session expired

The server has moved on; the page needs a fresh start.